 Dungeon Crawl Stone Soup version 0.20.1-1-g8b1a95d (webtiles) character file.

159 letownia2 the Grave Robber (level 5, 16/42 HPs)
             Began as a Deep Dwarf Necromancer on Nov 2, 2017.
             Quit the game on level 5 of the Dungeon.
             The game lasted 00:05:48 (2076 turns).

letownia2 the Grave Robber (Deep Dwarf Necromancer) Turns: 2076, Time: 00:05:49

Health: 16/42      AC:  6    Str: 11    XL:     5   Next: 17%
Magic:  3/8        EV: 11    Int: 17    God:
Gold:   73         SH:  0    Dex: 13    Spells: 4/8 levels left

rFire    . . .     SeeInvis .   n - +2 morningstar (holy)
rCold    . . .     Gourm    .   (no shield)
rNeg     . . .     Faith    .   h - +0 ring mail
rPois    .         Spirit   .   e - +0 helmet
rElec    .         Reflect  .   (no cloak)
rCorr    .         Harm     .   (no gloves)
MR       .....     Rnd*Tele +   (no boots)
Stlth    +.........             (no amulet)
Regen    0.0/turn               g - ring of teleportation (curse)
MPRegen  0.2/turn               (no ring)

@: non-regenerating
A: damage resistance, heal wounds, sense surroundings 1, no regeneration
a: Heal Wounds


You were on level 5 of the Dungeon.
You were not hungry.

You visited 1 branch of the dungeon, and saw 5 of its levels.

You collected 73 gold pieces.

Inventory:

Hand Weapons
 a - a +0 dagger
 n - a +2 morningstar of holy wrath (weapon)
Armour
 e - a +0 helmet (worn)
 h - a +0 ring mail (worn)
 m - a +0 robe
Jewellery
 g - a cursed ring of teleportation (left hand)
Scrolls
 d - 2 scrolls of identify {unknown}
 j - a scroll of teleportation {unknown}
 o - a scroll of enchant armour {unknown}
 p - a scroll of random uselessness {unknown}
Potions
 f - a potion of ambrosia {unknown}
 i - a potion of haste {unknown}
 k - 2 potions of curing {unknown}
 l - a potion of mutation {unknown}
Books
 b - a book of Necromancy

   Spells                             Type                      Level
   a - Pain                           Necromancy                   1
   b - Animate Skeleton               Necromancy                   1
   c - Vampiric Draining              Necromancy                   3
   d - Regeneration                   Charms/Necromancy            3
   e - Animate Dead                   Necromancy                   4
   f - Control Undead                 Necromancy                   4
Comestibles
 c - 2 bread rations


   Skills:
 - Level 2.1 Dodging
 - Level 2.4 Stealth
 - Level 2.3 Spellcasting
 + Level 6.8 Necromancy


You had 4 spell levels left.
You knew the following spells:

 Your Spells              Type           Power        Failure   Level  Hunger
a - Pain                  Necr           ####         2%          1    #......
v - Vampiric Draining     Necr           ####......   9%          3    ###....


Dungeon Overview and Level Annotations

Branches:
Dungeon (5/15)
 Temple: D:4-7

Altars:
Sif Muna
Uskayaw
Xom

Annotations:
D:4 Edmund
D:5 n0claF's ghost, novice MiBe


Innate Abilities, Weirdness & Mutations

You are resistant to damage.
You can heal yourself by infusing magical energy.
You passively map a small area around you.
You do not regenerate.


Message History

Things that are here:
a club; a scale mail You are suddenly yanked towards a nearby monster!
Your surroundings suddenly seem different.
Found a whip and a scroll labeled JUWKET AWAURCH.
A jackal comes into view.
A jackal is nearby!
A jackal is nearby!
You are too injured to fight recklessly!
You are too injured to fight recklessly!
A jackal comes into view.
The jackal barks!
A jackal comes into view.
The jackal barks!
The jackal bites you but does no damage.
The jackal misses you.
You see here a scroll labeled JUWKET AWAURCH.
Put on which piece of jewellery? (? for menu, Esc to quit)
Okay, then.
Are you sure you want to abandon this character and quit the game? (Confirm with "yes".)

############# ,
#...........# ,
+...........#
**#)...@hh....#
* #.....h.....#
#...........#
#...........#
,#...........#
,#...........#
#####+####### ,
, * * ,, , ,


You could see 3 jackals.

Vanquished Creatures
  A bullfrog skeleton (D:4)
  An orc wizard (D:5)
  A worker ant (D:4)
  An iguana (D:5)
  3 adders (D:4)
  An adder skeleton (D:4)
  A leopard gecko (D:4)
  3 orcs (D:5)
  A goblin (D:2)
  2 hobgoblins (D:1)
  5 jackals
  A kobold (D:3)
  A bat (D:1)
  A frilled lizard (D:2)
  A rat (D:3)
24 creatures vanquished.

Notes
Turn   | Place    | Note
-------+----------+-------------------------------------------
     0 | D:1      | letownia2 the Deep Dwarf Necromancer began the quest for the Orb.
     0 | D:1      | Reached XP level 1. HP: 15/15 MP: 3/3
   312 | D:3      | Found a shimmering altar of Xom.
   347 | D:3      | Reached XP level 2. HP: 22/22 MP: 1/5
   389 | D:3      | Noticed a crimson imp
   400 | D:3      | Found a hide-covered altar of Uskayaw.
   421 | D:3      | Noticed a crimson imp
   453 | D:3      | Noticed a crimson imp
   480 | D:3      | Noticed a crimson imp
   533 | D:4      | Found a deep blue altar of Sif Muna.
   595 | D:4      | Noticed Edmund
   838 | D:4      | Reached skill level 5 in Necromancy
   838 | D:4      | Reached XP level 3. HP: 21/28 MP: 0/6
   932 | D:4      | Learned a level 3 spell: Vampiric Draining
  1201 | D:4      | Reached XP level 4. HP: 25/36 MP: 0/7
  1503 | D:4      | Reached skill level 6 in Necromancy
  1994 | D:5      | Entered Level 5 of the Dungeon
  2017 | D:5      | Noticed n0claF's ghost (novice MiBe)
  2054 | D:5      | Reached XP level 5. HP: 16/42 MP: 1/8
  2076 | D:5      | Quit the game

Skill      XL: |  1  2  3  4 |
---------------+-------------+-----
Spellcasting   | 2 |  2.3
Necromancy     | 5 6 |  6.8
Dodging        | |  2.1
Stealth        | |  2.4

Action                   |  1- 3 |  4- 6 || total
-------------------------+-------+-------++-------
Melee: Unarmed           |     3 |       ||     3
       Dagger            |    14 |    17 ||    31
       Morningstar       |       |     6 ||     6
 Cast: Pain              |    40 |     7 ||    47
       Vampiric Draining |     3 |     7 ||    10
  Eat: Chunk             |     1 |     2 ||     3
       Bread ration      |       |     1 ||     1
Armor: Ring mail         |    21 |     7 ||    28
Dodge: Dodged            |    28 |    22 ||    50
